 Dungeon Crawl Stone Soup version 0.25.1-2-g60ff931df9 (webtiles) character file.

Game seed: 4530520317641075655

825 Johnny the Poker (level 7, 0/57 HPs)
             Began as a Demigod Gladiator on Aug 21, 2020.
             Splashed by a jelly's acid (8 damage)
             ... on level 4 of the Dungeon.
             The game lasted 00:04:29 (4314 turns).

Johnny the Poker (Demigod Gladiator)                Turns: 4314, Time: 00:04:29

Health: 0/57       AC: 18    Str: 21    XL:     7   Next: 37%
Magic:  9/9        EV: 11    Int: 12    God:
Gold:   235        SH:  0    Dex: 17    Spells: 6/6 levels left

rFire    . . .     SeeInvis .   a - +0 trident
rCold    + . .     Gourm    .   (no shield)
rNeg     . . .     Faith    .   v - +1 plate armour {rC+}
rPois    .         Spirit   .   c - +1 helmet
rElec    .         Reflect  .   j - +0 cloak
rCorr    .         Harm     .   (no gloves)
MR       .....                  (no boots)
Stlth    ..........             (no amulet)
HPRegen  0.19/turn              e - +4 ring of evasion
MPRegen  0.11/turn              u - +4 ring of protection

@: no status effects
A: high mp 1
a: no special abilities


You were on level 4 of the Dungeon.
You were not hungry.

You visited 1 branch of the dungeon, and saw 5 of its levels.

You collected 235 gold pieces.

Inventory:

Hand Weapons
 a - a +0 trident (weapon)
Armour
 c - a +1 helmet (worn)
 j - a +0 cloak (worn)
 t - a +0 ring mail of cold resistance
 v - a +1 plate armour of cold resistance (worn)
Jewellery
 e - a +4 ring of evasion (left hand)
 p - an uncursed ring of wizardry
 u - a +4 ring of protection (right hand)
Wands
 o - a wand of disintegration (1)
 r - a wand of flame (20)
Scrolls
 b - 2 scrolls of enchant armour
 i - a scroll of immolation {unknown}
 n - a scroll of fog
 q - 2 scrolls of enchant weapon {unknown}
 s - 2 scrolls of remove curse
Potions
 g - a potion of curing
 h - 2 potions of berserk rage {unknown}
 k - a potion of haste {unknown}
 l - 2 potions of lignification {unknown}
 m - a potion of resistance {unknown}
Comestibles
 f - 10 rations


   Skills:
 - Level 3.6 Fighting
 * Level 7.7 Polearms
 - Level 1.7 Throwing
 - Level 2.6 Dodging


You had 6 spell levels left.
You didn't know any spells.
Your spell library contained the following spells:

 Spells                   Type           Power        Failure   Level  Hunger
 Summon Small Mammal      Summ           #...         100%        1    ##.....
 Call Imp                 Summ           #.......     100%        2    ###....
 Call Canine Familiar     Summ           #.......     100%        3    ####...
 Summon Guardian Golem    Hex/Summ       #.......     100%        3    ####...
 Summon Ice Beast         Ice/Summ       #.......     100%        4    #####..
 Summon Lightning Spire   Summ/Air       #.......     100%        4    #####..


Dungeon Overview and Level Annotations

Branches:
Dungeon (5/15)
 Temple: D:4-7

Annotations:
D:3 1 runed translucent door


Innate Abilities, Weirdness & Mutations

You have an increased reservoir of magic. (+10% MP)


Message History

The shadow imp shouts, "Go and return not, thou erky ruttish canker-blossom!"
An orc wizard appears from thin air!
Reactivating autopickup.
You see here a +0 leather armour.
There is a stone staircase leading up here.
The jelly closely misses you.
You climb upwards.
There is a stone staircase leading down here.
Unknown command.
Attack whom?
Press: ? - help, Dir - move target cursor, f - jelly
Aim: a jelly You hit the jelly.
Your hands burn!
* * * LOW HITPOINT WARNING * * *
The jelly is lightly wounded.
The jelly hits you but does no damage. The jelly hits you.
* * * LOW HITPOINT WARNING * * *
You are splashed with acid!
You die...

### #########..
#.......#.#
########.......#.#
#......'..)....'..
#.######.......###
#@################
#>J...............
#.################
##'########
#......[..#
###.###...#########
#.....#....รท......#
#.#.###...........#
#.._..#...........#


You could see a jelly.

Vanquished Creatures
  A centaur (D:5)
  An ogre (D:4)
  2 scorpions
  Crazy Yiuf (D:2)
  A hound (D:3)
  An orc priest (D:3)
  Natasha (thrice) (D:2)
  Ijyb (D:5)
  An iguana (D:4)
  3 orc wizards
  3 worker ants
  A worker ant zombie (D:5)
  3 gnolls (D:3)
  3 adders
  2 oozes
  5 worms
  A dart slug (D:1)
  4 leopard geckos
  13 orcs
  7 giant cockroaches
  6 goblins
  9 hobgoblins
  4 jackals (D:3)
  3 ball pythons
  6 bats
  4 frilled lizards
  6 kobolds
  A quokka zombie (D:3)
  8 rats
104 creatures vanquished.

Notes
Turn   | Place    | Note
-------+----------+-------------------------------------------
     0 | D:1      | Johnny the Demigod Gladiator began the quest for the Orb.
     0 | D:1      | Reached XP level 1. HP: 17/17 MP: 3/3
   138 | D:1      | Reached skill level 3 in Polearms
   228 | D:1      | Reached XP level 2. HP: 24/24 MP: 4/4
  1162 | D:2      | Reached XP level 3. HP: 26/30 MP: 5/5
  1251 | D:2      | Found a runed translucent door.
  1252 | D:2      | Noticed Crazy Yiuf
  1431 | D:2      | Noticed Natasha
  1437 | D:2      | Killed Natasha
  1437 | D:2      | Reached skill level 4 in Polearms
  1519 | D:2      | Reached XP level 4. HP: 37/37 MP: 6/6
  1567 | D:2      | Noticed Natasha
  1577 | D:2      | Killed Natasha
  1676 | D:2      | Noticed Natasha
  1693 | D:2      | Killed Natasha
  2080 | D:2      | Killed Crazy Yiuf
  2080 | D:2      | Reached XP level 5. HP: 40/45 MP: 7/7
  2139 | D:3      | Found a runed translucent door.
  2139 | D:3      | Noticed a human
  2207 | D:3      | Found a basalt altar of Yredelemnul.
  2263 | D:3      | Reached skill level 5 in Polearms
  2666 | D:3      | Reached XP level 6. HP: 41/51 MP: 8/8
  3233 | D:4      | Reached skill level 6 in Polearms
  3401 | D:4      | Found an iron altar of Okawaru.
  3719 | D:4      | Found an opulent altar of Gozag.
  4101 | D:4      | Reached skill level 7 in Polearms
  4101 | D:4      | Reached XP level 7. HP: 55/57 MP: 9/9
  4205 | D:5      | Entered Level 5 of the Dungeon
  4205 | D:5      | Noticed Ijyb
  4206 | D:5      | Found an ornate altar of the Wu Jian Council.
  4208 | D:5      | Killed Ijyb
  4314 | D:4      | Splashed by a jelly's acid

Illustrated notes

Levels and vault maps discovered:
D:1:      matt_arrival_diagonals, layout_loops_ring
D:2:      layout_basic, first_ration, uniq_natasha, uniq_crazy_yiuf_cottage
D:3:      layout_rooms, dk_yredelemnul_ordeal
D:4:      layout_basic, lemuel_crystal_altar,
          nicolae_gozag_cash_rules_everything_around_me
D:5:      layout_layer_cave, cheibrodos_worm_habitat,
          nicolae_overflow_hidden_temple, gammafunk_temple_overflow_wave,
          lemuel_doored_altar, minmay_temple_entry_tees, uniq_pikel,
          uniq_grinder, uniq_ijyb

Skill      XL: |  1  2  3  4  5  6 |
---------------+-------------------+-----
Fighting       | 2 3 |  3.6
Polearms       | 3 4 5 7 |  7.7
Throwing       | |  1.7
Dodging        | |  2.6

Action                   |  1- 3 |  4- 6 |  7- 9 || total
-------------------------+-------+-------+-------++-------
Melee: Trident           |   107 |   242 |    23 ||   372
Throw: Throwing net      |       |     5 |       ||     5
Evoke: Wand              |       |     2 |     7 ||     9
  Use: Scroll            |       |     5 |     1 ||     6
       Potion            |       |       |     1 ||     1
 Stab: Sleeping          |     3 |       |       ||     3
       Held in net/web   |       |     1 |       ||     1
  Eat: Chunk             |     2 |     8 |     1 ||    11
Armor: Leather armour    |     3 |       |       ||     3
       Scale mail        |    23 |       |       ||    23
       Chain mail        |    28 |    68 |       ||    96
       Ring mail         |       |    15 |       ||    15
       Plate armour      |       |     2 |    24 ||    26
Dodge: Dodged            |    46 |    77 |    21 ||   144
